 Dungeon Crawl Stone Soup version 0.17-a0-701-gb6462b4 (webtiles) character file.

272 namelastname112 the Ducker (level 6, 0/28 HPs)
             Began as a Felid Transmuter on Apr 19, 2015.
             Slain by a jackal (3 damage)
             ... on level 6 of the Dungeon.
             The game lasted 00:08:38 (3652 turns).

namelastname112 the Ducker (Felid Transmuter)       Turns: 3652, Time: 00:08:38

Health: 0/28       AC:  2    Str:  6    XL:     6   Next: 2%
Magic:  14/19      EV: 23    Int: 15    God:
Gold:   96         SH:  0    Dex: 18    Spells: 2 memorised, 5 levels left
                                        Lives:  0   Deaths: 1

rFire  . . .     SeeInvis +       - Unarmed
rCold  . . .     Clarity  .     (armour unavailable)
rNeg   . . .     SustAb   .     (shield unavailable)
rPois  .         Gourm    .     (helmet unavailable)
rElec  .         Spirit   .     (cloak unavailable)
rCorr  .         Warding  .     (gloves unavailable)
rMut   .         Stasis   .     (boots unavailable)
MR     .....                    (no amulet)
Stlth  ++........               e - ring of magical power
                                t - +2 ring of evasion

@: very slightly contaminated, quick, not resistant to hostile enchantments,
unstealthy
A: no armour, no weapons or thrown items, claws 1, fangs 3, see invisible,
carnivore 3, speed 1, shaggy fur 2, slow metabolism 1, sharp paws
a: no special abilities


You were on level 6 of the Dungeon.
You were not hungry.

You visited 1 branch of the dungeon, and saw 6 of its levels.

You collected 96 gold pieces.

Inventory:

Missiles
 b - 12 arrows
 o - 18 arrows of frost
Jewellery
 e - a ring of magical power (right paw)
 t - a +2 ring of evasion (left paw)
Magical devices
 x - a wand of random effects (26)
Scrolls
 c - a scroll of random uselessness {unknown}
 f - a scroll of enchant armour {unknown}
 l - 2 scrolls of fog {unknown}
 m - a scroll of identify {unknown}
 p - a scroll of blinking {unknown}
 r - 2 scrolls of teleportation {unknown}
 s - a scroll of enchant weapon {unknown}
 v - a scroll of recharging {unknown}
 y - a scroll of immolation {unknown}
Potions
 h - a potion of poison {unknown}
 n - a potion of agility {unknown}
 u - a potion of invisibility {unknown}
 w - a potion of haste {unknown}
 z - a potion of mutation {unknown}
Books
 d - a book of Changes

   Spells                             Type                      Level
   a - Beastly Appendage              Transmutation                1
   b - Sticks to Snakes               Transmutation                2
   c - Spider Form                    Transmutation/Poison         3
   d - Ice Form                       Ice/Transmutation            4
   e - Blade Hands                    Transmutation                5
Comestibles
 a - 2 meat rations
 i - a beef jerky
 k - a royal jelly
 q - a slice of pizza


   Skills:
 + Level 3.5 Fighting
 + Level 5.5 Dodging
 + Level 4.8 Unarmed Combat
 - Level 2.0 Spellcasting
 - Level 2.1 Transmutations


You had 5 spell levels left.
You knew the following spells:

 Your Spells              Type           Power        Failure   Level  Hunger
a - Beastly Appendage     Trmt           #.....       12%         1    #......
b - Spider Form           Trmt/Pois      #.........   43%         3    ###....


Dungeon Overview and Level Annotations

Branches:
Dungeon (7/15)
 Temple: D:4-7

Altars:

Shops:
D:7 [

Annotations:
D:4 Menkaure; barthelme's ghost, average TrBe


Innate Abilities, Weirdness & Mutations

You cannot wear armour.
You are incapable of wielding weapons or throwing items.
You have sharp claws.
You have razor-sharp teeth.
You have supernaturally acute eyesight.
You are carnivorous and can eat meat at any time.
You cover ground quickly.
You are covered in thick fur (AC +2).
You have a slow metabolism.
Your sharp claws are effective at attacking unaware monsters.


Message History

Edmund is almost dead.
The jackal misses you. The jackal completely misses you.
You barely miss Edmund.
Edmund is almost dead.
Your transformation has ended.
You kill Edmund!
You have reached level 6!
Your experience leads to an increase in your attributes!
Increase (S)trength, (I)ntelligence, or (D)exterity?
You feel agile.
Your fur grows into a thick mane.
You scratch the jackal.
The jackal begins to bleed from its wounds!
The jackal is heavily wounded.
The jackal misses you. x2
You barely miss the jackal.
The jackal is heavily wounded.
The jackal barely misses you. The jackal closely misses you.
The jackal completely misses you. The jackal bites you.
You die...

#.. #...#.
#..?... #......
#$.... #o..#
#hZ.
#############h#
........>...h@#
#######..######
#..# #..# #..#
#..# #$.# #..#
.%#


You could see an orc, 3 jackals and a bat skeleton.

Vanquished Creatures
  Edmund (D:6)
  A black bear (D:7)
  2 adders (D:2)
  A worm (D:3)
  2 giant geckos
  5 orcs
  4 ball pythons
  11 bats
  A bat skeleton (D:4)
  3 giant cockroaches
  14 hobgoblins
  7 kobolds
  2 quokkas (D:3)
  6 giant newts
  12 goblins
  7 rats
79 creatures vanquished.

Notes
Turn   | Place    | Note
--------------------------------------------------------------
     0 | D:1      | namelastname112, the Felid Transmuter, began the quest for the Orb.
     0 | D:1      | Reached XP level 1. HP: 9/9 MP: 4/4
   194 | D:1      | Reached XP level 2. HP: 12/12 MP: 4/6
   531 | D:2      | Reached XP level 3. HP: 10/15 MP: 4/7
   730 | D:2      | Learned a level 3 spell: Spider Form
  1759 | D:3      | Reached skill level 4 in Dodging
  1962 | D:3      | Reached XP level 4. HP: 16/19 MP: 5/8
  2731 | D:4      | Noticed Menkaure
  2924 | D:4      | Noticed barthelme's ghost (average TrBe)
  2928 | D:4      | Noticed an ogre
  2957 | D:4      | Mangled by an ogre
  2958 | D:4      | Reached XP level 3. HP: -7/16 MP: 3/7
  3089 | D:4      | You fall through a shaft for 3 floors!
  3427 | D:7      | Found Giryim's Armour Boutique.
  3465 | D:7      | Noticed a black bear
  3496 | D:7      | Killed a black bear
  3496 | D:7      | Reached skill level 5 in Dodging
  3496 | D:7      | Reached XP level 4. HP: 7/21 MP: 3/8
  3496 | D:7      | Reached XP level 5. HP: 8/24 MP: 3/9
  3626 | D:6      | Noticed Edmund
  3650 | D:6      | Killed Edmund
  3650 | D:6      | Gained mutation: You are covered in thick fur (AC +2). [Felid growth]
  3650 | D:6      | Reached XP level 6. HP: 3/28 MP: 10/10
  3652 | D:6      | Slain by a jackal

Action                   |  1- 3 |  4- 6 || total
-------------------------+-------+-------++-------
Melee: Unarmed           |   132 |    79 ||   211
 Cast: Beastly Appendage |    21 |    11 ||    32
       Spider Form       |     1 |     2 ||     3
  Use: Potion            |     1 |     2 ||     3
 Stab: Sleeping          |     4 |     2 ||     6
  Eat: Chunk             |    12 |     1 ||    13
